 Dungeon Crawl Stone Soup version 0.22.1-2-g9c5b331383 (webtiles) character file.

29939 vukodlakh the Cleaver (level 13, -5/101 HPs)
             Began as a Minotaur Berserker on Nov 19, 2018.
             Was a High Priest of Trog.
             Killed from afar by a necromancer (47 damage)
             ... with a bolt of cold
             ... on level 14 of the Dungeon.
             The game lasted 01:46:39 (16932 turns).

vukodlakh the Cleaver (Minotaur Berserker)         Turns: 16932, Time: 01:46:40

Health: -5/101     AC: 21    Str: 32    XL:     13   Next: 17%
Magic:  12/12      EV: 25    Int:  4    God:    Trog [*****.]
Gold:   783        SH: 15    Dex: 17    Spells: 12/12 levels left

rFire    + . .     SeeInvis .   w - +10 broad axe of the Thoughtful Tales {chop, Dex+3}
rCold    . . .     Gourm    .   z - +2 shield
rNeg     . . .     Faith    .   N - +2 plate armour {rF+}
rPois    .         Spirit   .   (helmet unavailable)
rElec    +         Reflect  .   b - +0 cloak
rCorr    .         Harm     .   T - +1 pair of gloves of the Tuna {MR- Regen+ Str+6}
MR       ++...                  (no boots)
Stlth    ..........             j - amulet of the acrobat
HPRegen  1.66/turn              o - ring of flight
MPRegen  0.13/turn              r - +3 ring of dexterity

@: berserk cooldown, regenerating, slowed, very slow
A: retaliatory headbutt, horns 3, frail 1, magic resistance 1, electricity
resistance
a: Berserk, Trog's Hand, Brothers in Arms, Renounce Religion, Evoke Flight


You were on level 14 of the Dungeon.
You worshipped Trog.
Trog was extremely pleased with you.
You were not hungry.

You visited 1 branch of the dungeon, and saw 14 of its levels.
You also visited: Sewer.

You collected 1106 gold pieces.
You spent 323 gold pieces at shops.

Inventory:

Hand Weapons
 k - a +2 whip of electrocution
 p - the +5 scythe "Finisher" {speed, Str+3}
   (You found it on level 12 of the Dungeon)

   Attacks with this weapon are significantly faster.
   It affects your strength (+3).
 q - the +9 mace of Anlimill {pain, rF+ Int-5 SInv}
   (You found it on level 7 of the Dungeon)

   In the hands of one skilled in necromantic magic, it inflicts extra damage on
   living creatures.
   It affects your intelligence (-5).
   It protects you from fire.
   It lets you see invisible.
 v - a +2 mace of venom
 w - the +10 broad axe of the Thoughtful Tales (weapon) {chop, Dex+3}
   (You acquired it on level 12 of the Dungeon)

   It inflicts extra damage upon your enemies.
   It affects your dexterity (+3).
 B - a +2 vampiric long sword
 C - a +3 whip of electrocution
 F - the +10 falchion of the Middle {speed, Stlth+}
   (You found it on level 10 of the Dungeon)

   Attacks with this weapon are significantly faster.
   It makes you more stealthy.
 H - the +1 halberd of Death's Door {holy, SInv}
   (You found it on level 11 of the Dungeon)

   It has been blessed by the Shining One to cause great damage to the undead
   and demons.
   It lets you see invisible.
 K - a +1 dire flail of holy wrath
 O - a +0 whip of venom
 V - a +4 hand axe of freezing
 W - a +3 dire flail
Missiles
 h - 182 stones
 D - 10 tomahawks (quivered)
 E - 3 throwing nets
 L - 4 steel tomahawks
 R - 4 javelins
Armour
 b - a +0 cloak (worn)
 y - a +2 scale mail of magic resistance
 z - a +2 shield (worn)
 G - a +0 ring mail of cold resistance
 N - a +2 plate armour of fire resistance (worn)
 T - the +1 pair of gloves of the Tuna (worn) {MR- Regen+ Str+6}
   (You bought it in a shop on level 13 of the Dungeon)

   It affects your strength (+6).
   It affects your resistance to hostile enchantments.
   It increases your rate of regeneration.
Jewellery
 j - an amulet of the acrobat (around neck)
 o - a ring of flight (left hand)
 r - a +3 ring of dexterity (right hand)
 U - an uncursed ring of resist corrosion {unknown}
Wands
 P - a wand of random effects (21)
 Q - a wand of flame (22)
 S - a wand of polymorph (30)
 X - a wand of disintegration (12)
Scrolls
 g - a scroll of silence
 i - 4 scrolls of enchant armour
 l - 15 scrolls of teleportation
 n - 4 scrolls of remove curse
 t - 4 scrolls of magic mapping
 x - 2 scrolls of enchant weapon
 A - 3 scrolls of immolation
 M - a scroll of fog
Potions
 d - 2 potions of lignification
 e - 3 potions of agility
 f - 8 potions of curing
 m - 2 potions of flight
 s - a potion of cancellation
 I - a potion of might {unknown}
 J - a potion of berserk rage
Comestibles
 a - 2 chunks of flesh
 c - 9 rations


   Skills:
 + Level 10.3 Fighting
 + Level 8.2 Long Blades
 + Level 14.2 Axes
 + Level 2.2(9.7) Polearms
 + Level 8.2 Throwing
 + Level 12.6 Armour
 + Level 5.2 Dodging
 + Level 9.1 Shields
 + Level 0.5 Evocations


You had 12 spell levels left.
You didn't know any spells.
Your spell library contained the following spells:

 Spells                   Type           Power        Failure   Level  Hunger
 Animate Skeleton         Necr           N/A          100%        1    ##.....
 Apportation              Tloc           #.....       100%        1    ##.....
 Confusing Touch          Hex            #.....       100%        1    ##.....
 Summon Small Mammal      Summ           #...         100%        1    ##.....
 Ensorcelled Hibernation  Hex/Ice        #.....       100%        2    ###....
 Confuse                  Hex            #.......     100%        3    ####...
 Gell's Gravitas          Tloc           #.........   100%        3    ####...
 Petrify                  Tmut/Erth      #.......     100%        4    #####..
 Borgnjor's Vile Clutch   Necr/Erth      #.........   100%        5    ######.
 Metabolic Englaciation   Hex/Ice        #.........   100%        5    ######.
 Silence                  Hex/Air        #.........   100%        5    ######.
 Yara's Violent Unravell  Hex/Tmut       #.........   100%        5    ######.
 Darkness                 Hex            #.........   100%        6    #######
 Shadow Creatures         Summ           N/A          100%        6    #######


Dungeon Overview and Level Annotations

Branches:
Dungeon (14/15)            Temple (0/1) D:7            Lair (0/6) D:9
    Orc (0/2) D:10
 Vaults: D:13-14

Altars:
Dithmenos
Elyvilon
Fedhas
Kikubaaqudgha
Makhleb
Nemelex Xobeh
Okawaru
Ru
Sif Muna
Uskayaw
Vehumet
Wu Jian
Yredelemnul
The Shining One

Shops:
D:13 [

Portals:
Trove: D:12 (give 17 potions of curing)


Innate Abilities, Weirdness & Mutations

You reflexively headbutt those who attack you in melee.
You have a pair of large horns on your head.
You are frail. (-10% HP)
You are resistant to hostile enchantments. (MR+)
You are resistant to electric shocks. (rElec)


Message History

Trog's vigour flows through your veins.
You are exhausted.
You feel yourself slow down.
You hear some strange, mumbled words.
A bolt of cold appears from out of thin air!
The bolt of cold hits you!
* * * LOW HITPOINT WARNING * * *
Something completely misses you.
Your skin crawls.
You feel resistant to hostile enchantments.
You feel somewhat more hungry. Something hits you but does no damage.
You block something's attack.
You feel much better. You block something's attack.
You hear some strange, mumbled words.
A bolt of cold appears from out of thin air!
The bolt of cold misses you.
You hear some strange, mumbled words.
A bolt of cold appears from out of thin air!
The bolt of cold hits you!
You die...

.....# +....[#.#
#..###..# .....#
+..⌠..#.# ##.##...##
.....# +.....#.#
#.##....# .....#
#.††..#.# #.##....##
.....# ##'''##.#
#.#.....(# ...#.#
#..†..#.## #.#......#
.###.#
#.....'..###.#......##
## #.#
#..⌠..'..............#
#.#
#(.{.@'..####........#
##.# #.....#.##
#........#
###..#############.#
#........#
#..................#
#.#......#
........############
#.#.....## .........#
#.##...## .........##
#.##..## ..........#
#.##.## ..........#
#.#### ###


There were no monsters in sight!

Vanquished Creatures
  Gastronok (D:10)
  3 centaur warriors
  A two-headed ogre (D:10)
  A tengu warrior (D:14)
  Urug (D:11)
  A flayed ghost (D:9)
  An unseen horror (D:14)
  A deep elf mage (D:9)
  4 ugly things
  3 cyclopes
  4 slime creatures (D:14)
  An oklob plant (D:6)
  3 manticores
  Joseph (D:7)
  3 kobold demonologists
  A guardian mummy (D:12)
  A harpy zombie (D:14)
  A tengu conjurer (D:14)
  A merfolk (D:9)
  4 trolls
  4 hippogriffs
  A tarantella (shapeshifter) (D:14)
  5 wraiths
  A wyvern (D:11)
  8 yaks
  10 humans (D:14)
  A steam dragon (D:11)
  A hungry ghost (D:13)
  7 vampire mosquitoes (D:14)
  2 acid dragons (D:12)
  2 soldier ants
  A water moccasin (D:9)
  2 porcupines (D:9)
  Purgy (Sewer)
  An eye of draining (D:8)
  2 floating eyes (D:14)
  13 orc warriors
  2 sky beasts
  A black bear (D:13)
  4 ice beasts
  A phantom (D:10)
  5 ogres
  A necrophage (D:7)
  15 centaurs
  2 crocodiles
  2 big kobolds
  8 bullfrogs
  A gnoll sergeant (D:8)
  5 scorpions
  5 killer bees (D:8)
  3 howler monkeys
  4 wights
  6 crimson imps
  5 centaur zombies
  A quasit (D:9)
  2 bullfrog zombies
  2 jellies
  6 orc priests
  2 bullfrog skeletons
  7 hounds
  12 orc wizards
  Crazy Yiuf (D:7)
  Jessica (D:3)
  4 centaur skeletons
  3 iguanas
  14 worker ants
  A howler monkey zombie (D:5)
  5 gnolls
  9 adders
  2 shadow imps
  An ooze (D:3)
  4 worms
  4 dart slugs
  8 leopard geckos
  39 orcs
  7 bats
  7 giant cockroaches
  5 goblins
  9 hobgoblins
  15 jackals
  4 quokkas
  2 ball pythons (Sewer)
  8 frilled lizards
  2 jackal skeletons
  A jackal zombie (D:7)
  14 kobolds
  2 quokka skeletons (D:4)
  10 rats
  2 bushes (D:3)
  4 butterflies (D:6)
  28 fungi (D:9)
  46 plants
463 creatures vanquished.

Vanquished Creatures (others)
  2 orc wizards
  2 fungi (D:9)
4 creatures vanquished.

Grand Total: 467 creatures vanquished

Notes
Turn   | Place    | Note
-------+----------+-------------------------------------------
     0 | D:1      | vukodlakh the Minotaur Berserker began the quest for the
                  | Orb.
     0 | D:1      | Reached XP level 1. HP: 19/19 MP: 0/0
   316 | D:1      | Reached XP level 2. HP: 27/27 MP: 1/1
   377 | D:1      | Reached skill level 4 in Axes
   525 | D:1      | Reached XP level 3. HP: 29/34 MP: 2/2
  2055 | D:2      | Reached ** piety under Trog
  2206 | D:2      | Found a faded altar of an unknown god.
  2991 | D:3      | Reached XP level 4. HP: 41/41 MP: 3/3
  3113 | D:3      | Found a glowing drain.
  3120 | Sewer    | Entered a sewer
  3194 | Sewer    | Noticed Purgy
  3204 | Sewer    | Killed Purgy
  3204 | Sewer    | Reached skill level 5 in Fighting
  3204 | Sewer    | Reached skill level 5 in Axes
  3204 | Sewer    | Reached XP level 5. HP: 42/48 MP: 4/4
  3479 | D:3      | Reached skill level 1 in Throwing
  3479 | D:3      | Reached XP level 6. HP: 44/56 MP: 5/5
  3695 | D:3      | Noticed Jessica
  3706 | D:3      | Killed Jessica
  3768 | D:3      | Found a white marble altar of Elyvilon.
  3912 | D:3      | Found a basalt altar of Yredelemnul.
  4256 | D:4      | Found an iron altar of Okawaru.
  4264 | D:4      | Reached skill level 6 in Axes
  4271 | D:4      | Reached XP level 7. HP: 61/61 MP: 6/6
  4422 | D:4      | Reached *** piety under Trog
  4600 | D:4      | Found a sparkling altar of Nemelex Xobeh.
  4674 | D:4      | Reached skill level 5 in Armour
  5157 | D:5      | Entered Level 5 of the Dungeon
  5181 | D:5      | Reached skill level 7 in Axes
  5252 | D:5      | Found a sacrificial altar of Ru.
  5575 | D:5      | Reached XP level 8. HP: 69/70 MP: 7/7
  5593 | D:5      | Reached skill level 8 in Axes
  6418 | D:6      | Found a sparkling altar of Nemelex Xobeh.
  6418 | D:6      | Noticed an oklob plant
  7215 | D:6      | Killed an oklob plant
  7215 | D:6      | Reached skill level 9 in Axes
  7387 | D:7      | Found a staircase to the Ecumenical Temple.
  7471 | D:7      | Got a scorched mace
  7472 | D:7      | Identified the +9 mace of Anlimill {pain, rF+ Int-5 SInv}
                  | (You found it on level 7 of the Dungeon)
  7477 | D:7      | Found a runed door.
  7492 | D:7      | Found a deep blue altar of Sif Muna.
  7741 | D:7      | Noticed Joseph
  7763 | D:7      | Killed Joseph
  7763 | D:7      | Reached XP level 9. HP: 48/78 MP: 8/8
  8042 | D:7      | Reached skill level 10 in Axes
  8168 | D:7      | Found a sparkling altar of Nemelex Xobeh.
  8361 | D:7      | Found a shadowy altar of Dithmenos.
  8361 | D:7      | Found a glowing golden altar of the Shining One.
  8361 | D:7      | Found an ornate altar of the Wu Jian Council.
  8371 | D:7      | Found a hide-covered altar of Uskayaw.
  8404 | D:7      | Reached **** piety under Trog
  8704 | D:7      | Noticed Crazy Yiuf
  8710 | D:7      | Killed Crazy Yiuf
  9168 | D:8      | Reached skill level 11 in Axes
  9204 | D:8      | Reached XP level 10. HP: 78/88 MP: 0/9
  9779 | D:8      | Found a burning altar of Makhleb.
  9784 | D:8      | Found a radiant altar of Vehumet.
  9792 | D:8      | Reached skill level 10 in Armour
 10057 | D:9      | Reached skill level 1 in Shields
 10335 | D:9      | Found a staircase to the Lair.
 10725 | D:9      | Found a blossoming altar of Fedhas.
 10832 | D:9      | Noticed a deep elf mage
 10870 | D:9      | Killed a deep elf mage
 10904 | D:9      | Found a large runed door.
 10906 | D:9      | Found a large runed door.
 11077 | D:9      | Reached skill level 12 in Axes
 11210 | D:9      | Reached skill level 1 in Long Blades
 11210 | D:9      | Reached skill level 5 in Throwing
 11746 | D:9      | Found a hide-covered altar of Uskayaw.
 11746 | D:9      | Noticed a flayed ghost
 11757 | D:9      | Killed a flayed ghost
 11757 | D:9      | Reached skill level 5 in Dodging
 12014 | D:9      | Found an ancient bone altar of Kikubaaqudgha.
 12014 | D:9      | Noticed a centaur warrior
 12024 | D:9      | Killed a centaur warrior
 12024 | D:9      | Reached XP level 11. HP: 93/95 MP: 10/10
 12059 | D:9      | Gained mutation: You are frail. (-10% HP) [potion of
                  | mutation]
 12059 | D:9      | Gained mutation: You are resistant to hostile enchantments.
                  | (MR+) [potion of mutation]
 12059 | D:9      | Gained mutation: You have a pair of large horns on your
                  | head. [potion of mutation]
 12059 | D:9      | Gained mutation: You are resistant to electric shocks.
                  | (rElec) [potion of mutation]
 12063 | D:10     | Entered Level 10 of the Dungeon
 12258 | D:10     | Got a polished falchion
 12358 | D:10     | Noticed a two-headed ogre
 12365 | D:10     | Killed a two-headed ogre
 12602 | D:10     | Noticed Gastronok
 12637 | D:10     | Killed Gastronok
 12637 | D:10     | Reached skill level 5 in Shields
 13099 | D:10     | Found a staircase to the Orcish Mines.
 13389 | D:11     | Got a shimmering halberd
 13462 | D:11     | Noticed Urug
 13475 | D:11     | Killed Urug
 13777 | D:11     | Received a gift from Trog
 13870 | D:11     | Noticed a white ugly thing
 13880 | D:11     | Killed a white ugly thing
 14103 | D:12     | Identified a scroll of acquirement
 14106 | D:12     | Got an ichor-stained broad axe
 14107 | D:12     | Identified the +10 broad axe of the Thoughtful Tales {chop,
                  | Dex+3} (You acquired it on level 12 of the Dungeon)
 14114 | D:12     | Identified the +1 halberd of Death's Door {holy, SInv} (You
                  | found it on level 11 of the Dungeon)
 14115 | D:12     | Identified the +10 falchion of the Middle {speed, Stlth+}
                  | (You found it on level 10 of the Dungeon)
 14247 | D:12     | Noticed a green ugly thing
 14255 | D:12     | Killed a green ugly thing
 14314 | D:12     | Noticed a purple ugly thing
 14324 | D:12     | Killed a purple ugly thing
 14324 | D:12     | Reached XP level 12. HP: 77/93 MP: 11/11
 14772 | D:12     | Found a portal to a secret trove of treasure.
 15103 | D:12     | Found the +5 scythe "Finisher" {speed, Str+3}
 15567 | D:13     | Found Numuoh's Antique Armour Emporium.
 15601 | D:13     | Bought a pair of polished gloves for 323 gold pieces
 15611 | D:13     | Identified the +1 pair of gloves of the Tuna {MR- Regen+
                  | Str+6} (You bought it in a shop on level 13 of the Dungeon)
 15626 | D:13     | Noticed a centaur warrior
 15630 | D:13     | Killed a centaur warrior
 16060 | D:14     | Reached skill level 13 in Axes
 16351 | D:14     | Found a white marble altar of Elyvilon.
 16383 | D:14     | Reached ***** piety under Trog
 16391 | D:14     | Noticed a centaur warrior
 16403 | D:14     | Killed a centaur warrior
 16442 | D:14     | Reached skill level 10 in Fighting
 16489 | D:14     | Reached XP level 13. HP: 101/101 MP: 12/12
 16583 | D:14     | Reached skill level 14 in Axes
 16914 | D:14     | Reached skill level 1 in Polearms
 16932 | D:14     | Killed from afar by a necromancer

Skill      XL: |  1  2  3  4  5  6  7  8  9 10 11 12 13 |
---------------+----------------------------------------+-----
Fighting       | 4 5 6 7 8 9 10 | 10.3
Axes           | 4 5 6 7 9 11 12 13 14 | 14.2
Armour         | 3 4 5 7 9 11 12 | 12.6
Dodging        | 3 4 5 |  5.2
Throwing       | 1 2 3 5 6 8 |  8.2
Shields        | 3 6 8 9 |  9.1
Long Blades    | 3 8 |  8.2
Polearms       | 2 |  2.2
Evocations     | |  0.5

Action                   |  1- 3 |  4- 6 |  7- 9 | 10-12 | 13-15 || total
-------------------------+-------+-------+-------+-------+-------++-------
Melee: Hand axe          |   235 |   186 |   398 |   408 |       ||  1227
       Headbutt          |    76 |    45 |   120 |   295 |    13 ||   549
       Long sword        |       |       |       |   246 |       ||   246
       Broad axe         |       |       |       |   162 |    23 ||   185
       Halberd           |       |       |       |       |    22 ||    22
Throw: Stone             |    12 |       |    80 |   105 |       ||   197
       Tomahawk          |       |       |       |    95 |       ||    95
Invok: Berserk           |     3 |     2 |     4 |     9 |     1 ||    19
       Trog's Hand       |       |     1 |     5 |    15 |     1 ||    22
 Abil: Evoke Flight      |       |       |     1 |       |       ||     1
  Use: Scroll            |     4 |     2 |    12 |     9 |       ||    27
       Potion            |     4 |     1 |     4 |     2 |     1 ||    12
 Stab: Paralysed         |       |       |     1 |       |       ||     1
  Eat: Chunk             |     5 |     4 |     8 |    19 |     3 ||    39
       Ration            |     2 |       |     4 |     8 |       ||    14
Armor: Animal skin       |    12 |       |       |       |       ||    12
       Leather armour    |     1 |       |       |       |       ||     1
       Ring mail         |       |    35 |    14 |       |       ||    49
       Plate armour      |       |       |    96 |   230 |    35 ||   361
Dodge: Dodged            |    52 |    76 |   128 |   176 |    38 ||   470
Block: Shield            |       |       |       |   327 |    18 ||   345
       Rpst.: Long sword |       |       |       |    24 |       ||    24
